cohdb
Replays
Latest Replays
All Replays
Popular Replays
Top Player Replays
Match Explorer
How It Works
Community
CoH3 Stats
Reddit
Sign in to upload your games and track your stats! →
Sign in with Steam
Match 38575446
Unlisted
Match 38575446
Overview
Messages
Build Orders
End
Kradschützen Motorcycle Team
Panzergrenadier Squad
Panzergrenadier Squad
Construct Light Support Kompanie
Panzerpioneer Squad
Fire Support Elements
Panzerjäger Squad
Selects Battlefield Espionage Battlegroup
Selects Sector Subterfuge Beacon
Selects Plunder
Panzerjäger Squad
Selects 250/3 Funkpanzerwagen
MG34 Team
Veteran Squad Leaders
Construct Panzerarmee Kommand
Tungsten Core Ammunition
Panzer III L Medium Tank
le.IG 18 Mechanized Group
Advanced Field Repairs
Panzer III L Medium Tank
Selects Firestorm
Selects Anti-Tank Incendiary Munitions
Armored Reserves
Rapid Advance
Firestorm
Panzerjäger Squad
Emergency Repair Kits
Selects Operation Skorpion
Firestorm
Tiger Heavy Tank
Panzerjäger Squad
Panzer III L Medium Tank
Advanced Optics
Firestorm
Firestorm
LEV-Detahaven
Tenshi
Zonq
<|°_°|>
0
0
Comments
sign in to comment!
No comments posted yet!